 Dungeon Crawl Stone Soup version 0.29-a0-420-g57f2fb0 (webtiles) character file.

Game seed: 15347059391250152412

654 Geeful the Insei (level 7, -3/46 HPs)
             Began as an Octopode Transmuter on May 18, 2022.
             Killed from afar by Ijyb (37 damage)
             ... with a bolt of acid
             ... on level 5 of the Dungeon.
             The game lasted 00:13:48 (5790 turns).

Geeful the Insei (Octopode Transmuter)              Turns: 5790, Time: 00:13:48

Health: -3/46      AC: -2    Str: 11    XL:     7   Next: 54%
Magic:  7/12       EV: 21    Int: 16    God:
Gold:   179        SH:  0    Dex: 17    Spells: 7/13 levels left

rFire   . . .      SeeInvis +     - Unarmed
rCold   . . .      Faith    .   (shield currently unavailable)
rNeg    . . .      Spirit   .   (helmet currently unavailable)
rPois   x          Reflect  .   (no amulet)
rElec   .          Harm     .   f - ring of see invisible
rCorr   .          Rampage  .   (no ring)
Will    .....                   (no ring)
Stlth   ++........              (no ring)
HPRegen 0.15/turn               (no ring)
MPRegen 0.13/turn               (no ring)
                                (no ring)
                                (no ring)

@: spider-form, corroded
A: venomous fangs, almost no armour, (amphibious), 8 rings, tiny, (camouflage
1), (gelatinous body 1), (nimble swimmer 1), (tentacles)
a: End Transformation


You were on level 5 of the Dungeon.
You were a venomous arachnid creature.
You visited 1 branch of the dungeon, and saw 5 of its levels.

You collected 179 gold pieces.

Inventory:

Missiles
 g - 20 poisoned darts
Jewellery
 f - a ring of see invisible (left front leg)
Wands
 l - a wand of iceblast (7)
 n - a wand of mindburst (8)
Scrolls
 b - 2 scrolls of teleportation
Potions
 a - a potion of lignification
 d - 2 potions of heal wounds
 e - a potion of resistance
 j - a potion of mutation
 k - a potion of degeneration {unknown}
 o - a potion of magic


   Skills:
 + Level 3.5 Fighting
 + Level 3.9 Dodging
 + Level 4.6 Unarmed Combat
 + Level 3.7 Spellcasting
 + Level 4.0 Transmutations


You had 7 spell levels left.
You knew the following spells:

 Your Spells              Type           Power      Damage    Failure   Level
a - Beastly Appendage     Tmut           30%        N/A       11%         1
b - Wereblood             Tmut           15%        N/A       14%         2
c - Spider Form           Tmut/Pois      9%         N/A       43%         3

Your spell library contained the following spells:

 Spells                   Type           Power      Damage    Failure   Level
 Magic Dart               Conj           8%         1d3       36%         1
 Searing Ray              Conj           4%         2d4       47%         2
 Dazzling Flash           Conj/Hex       4%         N/A       67%         3
 Ice Form                 Ice/Tmut       9%         N/A       78%         4
 Fulminant Prism          Conj/Hex       1%         3d6       95%         4
 Iskenderun's Mystic Bla  Conj/Tloc      2%         2d3       95%         4
 Starburst                Conj/Fire      1%         6d3       100%        6


Dungeon Overview and Level Annotations

Branches:
Dungeon (5/15)
 Temple: D:4-7

Altars:

Shops:
D:1 (   D:5 !

Annotations:
D:5 Ijyb


Innate Abilities, Weirdness & Mutations

You are a venomous arachnid creature.
You have poisonous fangs.
You are tiny and dextrous.
Your spellcasting is less reliable in this form.
Your armour is entirely melded.
You are incapable of wielding weapons or throwing items.
You cannot wear most types of armour.
((You are amphibious.))
You can wear up to eight rings at the same time.
((Your skin changes colour to match your surroundings (Stealth+).))
((Your rubbery body absorbs attacks. (AC +1, EV +1)))
((You are camouflaged when in or above water. (Stealth+)))
((You have tentacles for arms and can constrict up to eight enemies at once.))


Message History

Your transformation is almost over.
Your tentacle spike disappears.
d - 3 potions of heal wounds (gained 2)
You open the door.
There is an open door here.
You open the door.
Ijyb the Twisted Goblin comes into view.
She is wielding a +0 dagger, wearing a +4 chain mail of willpower and carrying a wand of acid (9).
There is an open door here.
Casting: Beastly Appendage (safe; 3% risk of failure)
Confirm with . or Enter, or press ? or * to list all spells.
The spell is quite dangerous to miscast (22% risk of failure)!
Continue anyway?
You turn into a venomous arachnid creature.
Your transformation is almost over.
Ijyb shouts!
There is an open door here.
You close the door.
Ijyb breaks down the door.
Ijyb hits you with a +0 dagger.
There is a broken door here.
You hit Ijyb.
Ijyb is poisoned.
Ijyb is lightly wounded.
Ijyb misses you.
You hit Ijyb.
Ijyb looks as sick as possible!
Ijyb is lightly wounded.
Your transformation has ended.
Ijyb zaps a wand.
The bolt of acid hits you!!
Ouch! That really hurt!
The acid corrodes you!
You tentacle-slap Ijyb. Your grab misses Ijyb.
Ijyb is moderately wounded.
Ijyb hits you with a +0 dagger.
* * * LOW HITPOINT WARNING * * *
You feel much better. Ijyb completely misses you.
Casting: Spider Form (quite dangerous; 22% risk of failure)
Confirm with . or Enter, or press ? or * to list all spells.
The spell is quite dangerous to miscast (22% risk of failure)!
Continue anyway?
You turn into a venomous arachnid creature.
Ijyb zaps a wand.
The bolt of acid hits you!!!
Ouch! That really hurt!
You die...

#. .##.# .....
##...## ##.....##
## ##.......##
##..###
#.........##......#
+.........sg......#
#.........##.#....#
#.......## ... #.#
##.....## ..##
##...## ..#
##'######..#
#.......#... ###
#.......##.#
....###.......#


You could see Ijyb (extremely poisoned).

Vanquished Creatures
  A black bear (D:4)
  Blork the orc (D:4)
  A necrophage (D:4)
  A scorpion (D:5)
  A howler monkey (D:5)
  3 jellies (D:3)
  An orc priest (D:3)
  An iguana (D:5)
  An orc wizard (D:3)
  6 adders
  A shadow imp (D:3)
  2 worms
  3 dart slugs
  6 orcs
  7 ball pythons
  8 bats
  17 endoplasms
  2 giant cockroaches
  9 goblins
  7 hobgoblins
  8 jackals
  15 kobolds
  3 quokkas
  4 frilled lizards
  3 rats
112 creatures vanquished.

Vanquished Creatures (others)
  4 fungi (D:3)
  11 toadstools (D:3)
15 creatures vanquished.

Grand Total: 127 creatures vanquished

Notes
Turn   | Place    | Note
-------+----------+-------------------------------------------
     0 | D:1      | Geeful the Octopode Transmuter began the quest for the Orb.
     0 | D:1      | Reached XP level 1. HP: 13/13 MP: 3/3
   406 | D:1      | Reached XP level 2. HP: 15/18 MP: 5/5
   409 | D:1      | Learned a level 2 spell: Wereblood
   925 | D:1      | Found a faded altar of an unknown god.
  1082 | D:1      | Reached XP level 3. HP: 15/23 MP: 2/6
  1280 | D:1      | Found Gihituno's Antique Weapon Shop.
  1756 | D:1      | Learned a level 3 spell: Spider Form
  2508 | D:2      | Reached XP level 4. HP: 28/29 MP: 4/7
  3221 | D:3      | Identified the +5 battleaxe "Hykeaset" {speed, rPois Will+
                  | Int+2}
  3239 | D:3      | Reached XP level 5. HP: 33/34 MP: 7/9
  4218 | D:3      | Reached XP level 6. HP: 41/41 MP: 8/10
  4410 | D:4      | Noticed Blork the orc
  4426 | D:4      | Killed Blork the orc
  4579 | D:4      | Identified the +2 ring mail "Qyull" {Harm +Inv rF- Will++}
  4592 | D:4      | Noticed a black bear
  4603 | D:4      | Killed a black bear
  4604 | D:4      | Reached XP level 7. HP: 42/46 MP: 8/12
  5301 | D:5      | Entered Level 5 of the Dungeon
  5520 | D:5      | Found Ilihopec's Distillery.
  5776 | D:5      | Noticed Ijyb
  5790 | D:5      | Killed from afar by Ijyb

Illustrated notes

Levels and vault maps discovered:
D:1:      psy_arrival_radial02, layout_basic, serial_shops,
          nicolae_shop_behind_doors, chequers_ecumenical_altar_island
D:2:      layout_basic, serial_bayou_pond_e
D:3:      cheibrodos_fertilizer, layout_basic, minmay_quantized
D:4:      layout_loops_ring, uniq_blork_the_orc
D:5:      layout_loops_corners, minmay_temple_entry_from_below_a,
          kennysheep_windowed_goal, uniq_ijyb

Skill      XL: |  1  2  3  4  5  6  7 |
---------------+----------------------+-----
Fighting       | 2 3 |  3.5
Transmutations | 3 4 |  4.0
Dodging        | 3 |  3.9
Unarmed Combat | 4 |  4.6
Spellcasting   | 3 |  3.7

Action                   |  1- 3 |  4- 6 |  7- 9 || total
-------------------------+-------+-------+-------++-------
Melee: Unarmed           |    89 |   126 |    37 ||   252
       Constrict         |    19 |    17 |     7 ||    43
       Kick              |    10 |    18 |    11 ||    39
       Tentacles         |    11 |    16 |     2 ||    29
       Punch             |     3 |     3 |       ||     6
 Cast: Beastly Appendage |    10 |    12 |     4 ||    26
       Wereblood         |     7 |    10 |     2 ||    19
       Spider Form       |     1 |     4 |     3 ||     8
  Use: Scroll            |     2 |       |     7 ||     9
       Potion            |       |       |     1 ||     1
 Stab: Sleeping          |     2 |     6 |       ||     8
Armor: Skin              |     9 |    10 |     1 ||    20
Dodge: Dodged            |    52 |    80 |    29 ||   161

Table legend: (Time is in decaauts)
 A = Elapsed time spent in this place.
 B = Non-inter-level travel time spent in this place.
 C = Inter-level travel time spent in this place.
 D = Time resting spent in this place.
 E = Time spent auto-exploring this place.
 F = Levels seen in this place.
 G = Mean time per level.
                   A        B        C        D        E       F      G
               +--------+--------+--------+--------+--------+-----+--------+
         Total |   5772 |   5620 |    152 |    144 |   4631 |   5 | 1154.4 |
       Dungeon |   5772 |   5620 |    152 |    144 |   4631 |   5 | 1154.4 |
               +--------+--------+--------+--------+--------+-----+--------+

Top non-repeatable levels by time:
     D:1: 1801 daAuts
     D:2: 1365 daAuts
     D:3: 1146 daAuts
     D:4: 994 daAuts
     D:5: 464 daAuts
